 Dungeon Crawl Stone Soup version 0.22-a0-315-ge0921bb (webtiles) character file.

2 Firecrotchwizard the Digger (level 1, -2/10 HPs)
             Began as a Gargoyle Earth Elementalist on Apr 2, 2018.
             Slain by a leopard gecko (3 damage)
             ... on level 1 of the Dungeon.
             The game lasted 00:00:32 (46 turns).

Firecrotchwizard the Digger (GrEE)                    Turns: 46, Time: 00:00:33

Health: -2/10      AC:  4    Str: 11    XL:     1   Next: 40%
Magic:  1/3        EV: 12    Int: 15    God:
Gold:   0          SH:  0    Dex: 10    Spells: 3/4 levels left

rFire    . . .     SeeInvis .   (no weapon)
rCold    . . .     Gourm    .   (no shield)
rNeg     + . .     Faith    .   c - +0 robe
rPois    ∞         Spirit   .   (no helmet)
rElec    +         Reflect  .   (no cloak)
rCorr    .         Harm     .   (no gloves)
MR       .....                  (no boots)
Stlth    ++........             (no amulet)
HPRegen  0.03/turn              (no ring)
MPRegen  0.08/turn              (no ring)

@: no status effects
A: negative energy resistance 1, electricity resistance, unbreathing,
petrification resistance, rot immunity, AC +2
a: no special abilities


You were on level 1 of the Dungeon.
You were not hungry.

You visited 1 branch of the dungeon, and saw 1 of its levels.

Inventory:

Missiles
 b - 24 stones (quivered)
Armour
 c - a +0 robe (worn)
Comestibles
 d - a ration {@e1}


   Skills:
 - Level 1.5 Dodging
 - Level 2.1 Stealth
 + Level 2.1 Spellcasting
   Level 0.7 Transmutations
 + Level 3.7 Earth Magic


You had 3 spell levels left.
You knew the following spells:

 Your Spells              Type           Power        Failure   Level  Hunger
a - Sandblast             Erth           ##....       4%          1    #......


Dungeon Overview and Level Annotations

Branches:
Dungeon (1/15)

Altars:


Innate Abilities, Weirdness & Mutations

You are resistant to torment.
Your stone body is resilient. (AC +2)
You are immune to poison.
You resist negative energy. (rN+)
You are resistant to electric shocks. (rElec)
You can survive without breathing.
You are immune to petrification.
You are immune to rotting.


Message History

Welcome, Firecrotchwizard the Gargoyle Earth Elementalist.
Will you prevail where others failed? Will you find the Orb of Zot?
Found a scroll labeled YLAMATR JARCH.
Found a staircase leading out of the dungeon.
A bat and a kobold come into view.
There are monsters nearby!
Throwing (i - inventory)
b - 30 stones (quivered)
Aim: a bat (resting)
You throw a stone. The stone hits the bat.
Aim: a bat (moderately wounded)
The blast of sand misses the bat.
b - 28 stones The bat closely misses you.
You now have 2/3 mp.
The kobold shouts!
You hear a shout! x2
The bat hits you but does no damage. x2
You closely miss the bat. The bat barely misses you.
You closely miss the bat. The bat hits you but does no damage. x2
The bat closely misses you.
A bat comes into view.
You miss the bat. The bat barely misses you.
Aim: a bat (moderately wounded)
The blast of sand hits the bat.
You kill the bat!
b - 27 stones A goblin comes into view. It is wielding a dagger.
You now have 1/3 mp.
Aim: a kobold The blast of sand hits the kobold.
You kill the kobold!
b - 26 stones The bat closely misses you.
You now have 0/3 mp.
The goblin moves out of view.
The bat hits you but does no damage. The bat hits you but does no damage.
A bat is nearby!
The bat barely misses you. The bat hits you but does no damage.
You barely miss the bat. The bat closely misses you.
The bat hits you but does no damage.
You barely miss the bat. The bat completely misses you.
Aim: a goblin, wielding a dagger The blast of sand misses the goblin.
b - 25 stones The bat hits you but does no damage.
You now have 0/3 mp.
The bat closely misses you.
A leopard gecko comes into view.
The leopard gecko hisses angrily.
The bat hits you.
You take 1 damage, and have 9/10 hp.
The bat barely misses you. The bat hits you but does no damage.
The bat closely misses you.
A hobgoblin comes into view.
The leopard gecko bites you but does no damage.
The bat barely misses you. The bat hits you but does no damage.
The hobgoblin hits you but does no damage.
The bat hits you but does no damage. The bat closely misses you.
The bat hits you but does no damage. The bat barely misses you.
The bat hits you but does no damage. The bat closely misses you.
The bat completely misses you.
You see here a scroll labeled YLAMATR JARCH.
The bat barely misses you.
You see here a kobold corpse.
The bat hits you but does no damage. x2; The leopard gecko closely misses you.
The bat hits you but does no damage.
Health restored: 10 The bat closely misses you.
Aim: a goblin, wielding a dagger The blast of sand hits the bat.
You kill the bat!
b - 24 stones You now have 0/3 mp.
You hit the leopard gecko. The leopard gecko misses you.
The leopard gecko completely misses you.
You barely miss the leopard gecko. The leopard gecko misses you.
You barely miss the leopard gecko. The leopard gecko misses you.
You barely miss the leopard gecko. The leopard gecko bites you.
You take 2 damage, and have 8/10 hp.
You hit the leopard gecko. The leopard gecko closely misses you.
You miss the leopard gecko. The leopard gecko bites you.
The leopard gecko barely misses you.
You take 2 damage, and have 6/10 hp.
You closely miss the leopard gecko. The leopard gecko misses you.
You closely miss the leopard gecko. The leopard gecko bites you.
You take 1 damage, and have 5/10 hp.
You miss the leopard gecko. The leopard gecko closely misses you.
You closely miss the leopard gecko. The leopard gecko bites you.
* * * LOW HITPOINT WARNING * * *
You take 4 damage, and have 1/10 hp.
MASSIVE DAMAGE!!
You completely miss the leopard gecko. The leopard gecko barely misses you.
The leopard gecko bites you.
You die...

###.................#
#................?..##
..(.(................
..................#
..#...?.#........#
##.g.##........##
##g###.........# #l#
####.####.. ##@##
##..###
...###...###g....#
.......<.......#....#
...###...###....##..#
. ##.## ##........ #.#
##.##.... #.# ..# ..#
... .. ## ... ...


You could see a leopard gecko, a hobgoblin and a goblin.

Vanquished Creatures
  2 bats (D:1)
  A kobold (D:1)
3 creatures vanquished.

Notes
Turn   | Place    | Note
-------+----------+-------------------------------------------
     0 | D:1      | Firecrotchwizard the Gargoyle Earth Elementalist began the quest for the Orb.
     0 | D:1      | Reached XP level 1. HP: 10/10 MP: 3/3
    45 | D:1      | HP: 1/10 [leopard gecko (4)]
    46 | D:1      | Slain by a leopard gecko

Vault maps used:
D:1:      roderic_crossed_star, skrybe_limestone_x

Action                   || total
-------------------------++-------
Melee: Unarmed           ||    16
Throw: Stone             ||     1
 Cast: Sandblast         ||     5
Armor: Robe              ||    19
Dodge: Dodged            ||    28

Table legend:
 A = Spawn XP
 B = Non-spawn XP
 C = Spawn XP percentage of total XP
 D = Spawn monster count
 E = Non-spawn monster count
 F = Spawn count percentage of total count
 G = Total turns spent on level
                    A         B        C        D         E        F      G
               +---------+---------+-------+---------+---------+-------+---------
         Total |       0 |       4 |   0.0 |       0 |       3 |   0.0 |    46
               +---------+---------+-------+---------+---------+-------+---------
           D:1 |       0 |       4 |   0.0 |       0 |       3 |   0.0 |    46
               +---------+---------+-------+---------+---------+-------+---------

Vault maps used:
D:1:      roderic_crossed_star, skrybe_limestone_x

Table legend:
 A = Turns spent in this place as a percentage of turns spent in the entire game.
 B = Non-inter-level travel turns spent in this place as a percentage of non-inter-level travel turns spent in the entire game.
 C = Inter-level travel turns spent in this place as a percentage of turns spent in this place.
 D = Turns resting spent in this place as a percentage of non-inter-level travel turns spent in this place.
 E = Turns spent auto-exploring this place as a percentage of non-inter-level travel turns spent in this place.
 F = Non-inter-level travel turns spent in this place divided by the number of levels of this place that you've seen.
                   A       B       C       D       E      F
               +-------+-------+-------+-------+-------+----------------------
         Total | 100.0 | 100.0 |   0.0 |   0.0 |   4.3 |  46.0
       Dungeon | 100.0 | 100.0 |   0.0 |   0.0 |   4.3 |  46.0
               +-------+-------+-------+-------+-------+----------------------

Table legend:
 A = Kills in this place as a percentage of kills in entire the game.
 B = Kills by you in this place as a percentage of kills by you in the entire game.
 C = Kills by friends in this place as a percentage of kills by friends in the entire game.
 D = Other kills in this place as a percentage of other kills in the entire game.
 E = Experience gained in this place as a percentage of experience gained in the entire game.
 F = Experience gained in this place divided by the number of levels of this place that you have seen.
                   A       B       C       D       E      F
               +-------+-------+-------+-------+-------+----------------------
         Total | 100.0 | 100.0 |   N/A |   N/A | 100.0 |   4.0
       Dungeon | 100.0 | 100.0 |   N/A |   N/A | 100.0 |   4.0
               +-------+-------+-------+-------+-------+----------------------
